Unix NetHack Version 5.0.0-0 post-release - last build Jun 10 2026 00:39:30 (3ee93aec679c4c4259841fe613dc97188e26a321,branch:main).

Game began 2026-06-14 18:02:13, ended 2026-06-14 21:38:14.

Anarchos, lawful female dwarven Valkyrie

                                                               -----
                                                    ########   |...|
                                ###############     #      #   |...|
                           ######-------------#     #      #  #....|
                       #####     |C.........C|#   ###      #   |.%.|
       -------------####         |.....C.....|#   # #      ####..%<|
       |............#      ######....-----...|# ### #          -.---
       |...........|       #     |...|.{.|u..|#######+
       |...........|       #     |..C|{@{)%@.|  #   #
       |............########     |...|.?!|...-
       |...........|             |...-----...|
       |...........|             |.....C.....|
       -------------             |C.........C|
                                 -------------

Anarchos the Fighter        St:17 Dx:15 Co:11 In:8 Wi:9 Ch:10  Lawful
Dlvl:7  $:121 HP:0(62) Pw:7(7) AC:4  Xp:6 T:2613 

Latest messages:
 This garter snake corpse is fatty.
 You finish eating the garter snake corpse.
 You kill the garter snake!
 You kill the garter snake!
 You kill the garter snake!
 p - a garter snake corpse.
 What do you want to eat? [dgijpsGKN or ?*] p
 This garter snake corpse is gamey.
 You finish eating the garter snake corpse.
 You hear a strange wind.
 You hit the violet fungus!
 You kill the violet fungus!
 Welcome to experience level 6.
 You kill the garter snake!
 You have a little trouble lifting 10 rocks.  Continue? [ynq] (q) q
 You see here 10 rocks.
 q - a black potion.
 What do you want to drink? [hqM or ?*] q
 You feel completely healed.
 The gray unicorn strikes at your displaced image and misses you!
 The gray unicorn butts!
 The gray unicorn kicks!
 The gray unicorn butts!
 The gray unicorn misses!
 You see here 10 rocks.
 You miss the gray unicorn.
 The gray unicorn just misses!
 The gray unicorn kicks!
 The gray unicorn butts!
 The gray unicorn kicks!
 You hit the gray unicorn!
 The gray unicorn misses!
 The gray unicorn kicks!
 The gray unicorn just misses!
 The gray unicorn kicks!
 You hit the gray unicorn!
 The gray unicorn butts!
 The gray unicorn kicks!
 What do you want to use or apply? [movIR or ?*] ?
 Never mind.
 What do you want to read? [*] ?
 Never mind.
 What do you want to zap? [I or ?*] I
 Nothing happens.
 The gray unicorn butts!
 The gray unicorn just misses!
 The gray unicorn butts!
 You die...
 Do you want your possessions identified? [ynq] (y) y
 Do you want to see your attributes? [ynq] (y) q

Inventory:
 Coins    ('$')
  $ - 121 gold pieces
 Weapons  (')')
  n - 10 cursed -4 arrows
  k - a +0 orcish bow
  b - a +0 dagger (at the ready)
  a - a +1 dwarvish spear (weapon in right hand)
  T - a +0 orcish dagger
 Armor    ('[')
  e - an uncursed greased +0 orcish helm (being worn)
  S - an uncursed +0 orcish helm
  c - an uncursed greased +3 small shield (being worn)
  D - an uncursed greased +0 cloak of displacement (being worn)
 Comestibles  ('%')
  N - an uncursed candy bar labeled "Om-nom"
  K - an uncursed cram ration
  d - 5 uncursed food rations
  s - an uncursed fortune cookie
  j - an uncursed tin of pickled iguana meat
  G - an uncursed lichen corpse
  i - an uncursed yellow mold corpse
  g - an uncursed small glob of gray ooze
 Potions  ('!')
  M - an uncursed potion of speed
  h - an uncursed potion of water
 Wands    ('/')
  I - a wand of magic missile (0:0)
 Tools    ('(')
  R - an uncursed sack containing 8 items
  m - a frost horn (0:7)
  v - a can of grease (0:12)
  o - an uncursed skeleton key

Contents of the sack:
  57 gold pieces
  an uncursed scroll of enchant weapon
  an uncursed spellbook of cause fear
  an uncursed spellbook of dig
  an uncursed spellbook of healing
  an uncursed worthless piece of black glass
  an uncursed worthless piece of green glass
  2 uncursed worthless pieces of orange glass

Anarchos the Valkyrie's attributes:

Background:
 You were a Fighter, a level 6 dwarven Valkyrie.
 You were lawful, on a mission for Tyr
 who was opposed by Odin (neutral) and Loki (chaotic).
 You were right-handed.
 You were in the Dungeons of Doom, on level 7.
 You entered the dungeon 2613 turns ago.
 There was a new moon in effect when your adventure ended.
 You had 328 experience points, 312 more were needed to attain level 7.

Basics:
 You had 0 out of 62 hit points.
 You had all 7 energy points (spell power).
 Your armor class was 4.
 Your wallet contained 121 zorkmids, and
 you had 57 more stashed away in your pack.
 Autopickup was on for all types.

Final Characteristics:
 Your strength was 17 (limit:18/100).
 Your dexterity was 15 (limit:20).
 Your constitution was 11 (peak:17, limit:20).
 Your intelligence was 8 (limit:16).
 Your wisdom was 9 (limit:16).
 Your charisma was 10 (limit:16).

Final Status:
 You weren't hungry.
 You were unencumbered.
 You were wielding a spear.
 You were skilled in spear.

Final Attributes:
 You were piously aligned.
 You were cold resistant.
 You had infravision.
 You were displaced.
 You were stealthy.
 You were warded.
 You were fast.
 You are dead.

Miscellaneous:
 You didn't encounter any bones levels.
 Total elapsed playing time was 2 hours, 58 minutes and 30 seconds.

Major events:
 Turn
    1: Anarchos the lawful dwarven Valkyrie entered the dungeon
  928: attained the rank of Skirmisher (level 3)
 2590: attained the rank of Fighter (level 6)
 2613: killed by a gray unicorn

Spells:
 Name                 Level Category     Fail Retention
 cause fear             3   enchantment  100%  76%-100%
 healing                1   healing       76%  76%-100%

Skills:
 Fighting Skills
   bare handed combat [Unskilled]
   two weapon combat  [Unskilled]
   riding             [Unskilled]
 Weapon Skills
   dagger             [Basic]
   axe                [Unskilled]
   pick-axe           [Unskilled]
   short sword        [Unskilled]
   broadsword         [Unskilled]
   long sword         [Unskilled]
   two-handed sword   [Unskilled]
   saber              [Unskilled]
   hammer             [Unskilled]
   quarterstaff       [Unskilled]
   polearms           [Unskilled]
   spear              [Skilled]
   trident            [Unskilled]
   lance              [Unskilled]
   sling              [Unskilled]
 Spellcasting Skills
   attack spells      [Unskilled]
   escape spells      [Unskilled]

Voluntary challenges:
 Character rerolling was not enabled.
 You never genocided any monsters.
 You never polymorphed an object.
 You used no wishes.
Achievements:
 You attained the rank of Skirmisher.
 You entered a shop.
 You attained the rank of Fighter.

 The Dungeons of Doom: levels 1 to 7
    Level 1:
       A fountain.
    Level 2:
       A fountain.
    Level 3:
       A fountain.
    Level 4:
       A fountain.
    Level 5:
       A general store, an altar to Tyr, a fountain.
    Level 6:
       A sink.
    Level 7: <- You were here.
       Many fountains.
       Final resting place for
          you, killed by a gray unicorn.


Vanquished creatures:
  a leprechaun
  4 fire ants
  a wood nymph
  a rock piercer
  a fog cloud
  a shrieker
  a violet fungus
  a gray ooze
  a giant ant
  2 floating eyes
  a homunculus
  2 rabid rats
  2 wererats
  2 iguanas
  2 acid blobs
  2 large kobolds
  a giant rat
  2 cave spiders
  2 yellow molds
  a red mold
  a gnome
  5 garter snakes
  3 geckos
  5 jackals
  3 foxes
  2 goblins
  6 sewer rats
  3 grid bugs
  a bat
  3 lichens
  5 newts
68 creatures vanquished.

No species were genocided or became extinct.

Game over:
                       ----------
                      /          \
                     /    REST    \
                    /      IN      \
                   /     PEACE      \
                  /                  \
                  |     Anarchos     |
                  |      178 Au      |
                  | killed by a gray |
                  |     unicorn      |
                  |                  |
                  |                  |
                  |       2026       |
                 *|     *  *  *      | *
        _________)/\\_//(\/(/\)/\//\/|_)_______

Farvel Anarchos the Valkyrie...

You died in The Dungeons of Doom on dungeon level 7 with 1833 points,
and 178 pieces of gold, after 2613 moves.
You were level 6 with a maximum of 62 hit points when you died.

